 Dungeon Crawl Stone Soup version 0.31.0-12-g77e489cdc1 (webtiles) character file.

Game seed: 6380029751866405892

332417 112233 the Eclecticist (level 21, -3/161 (163) HPs)
             Began as a Demonspawn Wanderer on Feb 11, 2024.
             Was a High Priest of Sif Muna.
             Slain by an ettin
             ... wielding a +0 dire flail
              (14 damage)
             ... on level 1 of the Depths.
             The game lasted 01:52:34 (58837 turns).

112233 the Eclecticist (Demonspawn Wanderer)       Turns: 58837, Time: 01:52:35

HP:   -3/161 (163)  AC: 16    Str: 10    XL:     21   Next: 21%
MP:   7/41          EV: 20    Int: 32    God:    Sif Muna [*****.]
Gold: 2678          SH: 18    Dex: 19    Spells: 14/52 levels left

rFire   . . .        h - staff "Byahit Puodu" {rC+ Dex+2 Necro Ice}
rCold   + . .        K - +3 buckler {reflect}
rNeg    . . .        W - +2 troll leather armour
rPois   .            (helmet unavailable)
rElec   .            p - +1 cloak
rCorr   .            n - +2 pair of gloves
SInv    +            u - +2 pair of boots
Will    +....        P - amulet "Vaenan" {Reflect Dex+4 SH+5 Stlth+}
Stlth   ++           A - +6 ring of intelligence
HPRegen 1.26/turn    Z - ring of wizardry
MPRegen 0.27/turn

%: reflection, wizardry (x1)
@: studying 6 skills, lightly drained
A: antennae 3, demonic guardian 3, powered by death 3, sharp scales 2, large
bone plates 1, evolution 1
}: 1/15 runes: barnacled
a: Renounce Religion, Channel Magic, Forget Spell, Divine Exegesis


You were on level 1 of the Depths.
You worshipped Sif Muna.
Sif Muna was extremely pleased with you.
You visited 7 branches of the dungeon, and saw 31 of its levels.
You also visited: Gauntlet and Ice Cave.

You collected 5430 gold pieces.
You spent 2752 gold pieces at shops.

Inventory:

Missiles
 v - 6 throwing nets
Armour
 n - a +2 pair of gloves (worn)
 p - a +1 cloak (worn)
 u - a +2 pair of boots (worn)
 K - a +3 buckler of reflection (worn)
 W - a +2 troll leather armour (worn)
Magical Staves
 h - the staff "Byahit Puodu" (weapon) {rC+ Dex+2 Necro Ice}
   (You acquired it on level 14 of the Dungeon)

   [staff of cold]

   Base accuracy: +5 Base damage: 5 Base attack delay: 1.2 This weapon's minimum
   attack delay (0.6) is reached at skill level 12.
   Dex+2:     It affects your dexterity (+2).
   rC+:       It protects you from cold.
   Necro:     It increases the power of your Necromancy spells.
   Ice:       It increases the power of your Ice spells.
   It falls into the 'Staves' category.
   It is a one-handed weapon.
Jewellery
 o - the amulet "Geigum" {RegenMP rElec rN+ Str-2 Dex+2}
   (You bought it in a shop on level 3 of the Shoals)

   [amulet of magic regeneration]

   RegenMP:   It increases your rate of magic regeneration.
   Str-2:     It affects your strength (-2).
   Dex+2:     It affects your dexterity (+2).
   rElec:     It insulates you from electricity.
   rN+:       It protects you from negative energy.
 x - the ring "Jainnoi" {^Contam rElec rF+ Slay+5}
   (You found it in a Gauntlet)

   [ring of protection from fire]

   Slay+5:    It affects your accuracy & damage with ranged weapons and melee
   (+5).
   rF+:       It protects you from fire.
   rElec:     It insulates you from electricity.
   ^Contam:   It causes magical contamination when unequipped.
 A - a +6 ring of intelligence (left hand)
 D - a ring of the Octopus King {Fly HP+2 AC+2 EV+2 SH+2}
   (You found it in a Gauntlet)

   [ring of flight]

   AC+2:      It affects your AC (+2).
   EV+2:      It affects your evasion (+2).
   HP+2:      It affects your health (+2).
   Fly:       It grants you flight.
   SH+2:      It affects your SH (+2).
 P - the amulet "Vaenan" (around neck) {Reflect Dex+4 SH+5 Stlth+}
   (You bought it in a shop on level 2 of the Orcish Mines)

   [amulet of reflection]

   Reflect:   It reflects blocked missile attacks.
   Dex+4:     It affects your dexterity (+4).
   SH+5:      It affects your SH (+5).
   Stlth+:    It makes you more stealthy.
 T - the ring "Tado" {Str+6 Int+4}
   (You took it off a deep elf blademaster on level 2 of the Elven Halls)

   [ring of strength]

   Str+6:     It affects your strength (+6).
   Int+4:     It affects your intelligence (+4).
 Z - a ring of wizardry (right hand)
Talismans
 J - the serpent talisman of Tiytte {rN+ Int+5}
   (You took it off Aizul on level 3 of the Elven Halls)

   [serpent talisman]

   Int+5:     It affects your intelligence (+5).
   rN+:       It protects you from negative energy.
Wands
 y - a wand of paralysis (25)
 E - a wand of digging (3)
 M - a wand of polymorph (13)
 R - a wand of acid (10)
 S - a wand of mindburst (14)
Scrolls
 b - a scroll of blinking
 e - 2 scrolls of amnesia
 l - a scroll of torment
 q - 4 scrolls of vulnerability
 w - 5 scrolls of teleportation
 z - 3 scrolls of silence
 F - 6 scrolls of identify
 G - 3 scrolls of immolation
 I - 5 scrolls of fog
 L - 2 scrolls of brand weapon
 V - 4 scrolls of noise
 Y - 7 scrolls of revelation
Potions
 a - 7 potions of haste
 d - 2 potions of invisibility
 f - 2 potions of mutation
 g - 3 potions of curing
 j - 2 potions of lignification
 k - a potion of heal wounds
 m - 5 potions of enlightenment
 s - 7 potions of might
 t - a potion of magic
 B - 3 potions of resistance
 H - a potion of cancellation
 N - 2 potions of berserk rage
 U - 5 potions of brilliance
Miscellaneous
 c - a phial of floods
 i - a sack of spiders (inert)
 r - a phantom mirror (inert)
 C - a tin of tremorstones (1/2)
 Q - a lightning rod (1/4)


   Skills:
 - Level 13.6 Fighting
 - Level 1.0 Long Blades
 - Level 8.0 Staves
 - Level 2.2 Ranged Weapons
 - Level 3.8 Armour
 + Level 13.5 Dodging
 - Level 5.0 Shields
 * Level 16.3 Spellcasting
 * Level 16.0 Conjurations
 - Level 7.4 Hexes
 - Level 2.3 Necromancy
 + Level 11.4 Translocations
 + Level 9.4 Fire Magic
 - Level 9.4 Ice Magic
 - Level 3.4 Alchemy
 - Level 5.3 Invocations
 - Level 8.3 Evocations


You had 14 spell levels left.
You knew the following spells:

 Your Spells              Type           Power      Damage    Failure   Level
a - Iskenderun's Mystic   Conj/Tloc      85%        2d17      1%          4
b - Starburst             Conj/Fire      41%        6d12      1%          6
c - Orb of Destruction    Conj           46%        9d12      1%          7
d - Ozocubu's Armour      Ice            92%        N/A       1%          3
e - Apportation           Tloc           100%       N/A       1%          1
f - Frozen Ramparts       Ice            100%       1d16      1%          3
g - Blink                 Tloc           100%       N/A       1%          2
h - Freezing Cloud        Conj/Ice/Air   44%        6-21      1%          5
i - Fugue of the Fallen   Necr           57%        N/A       1%          3
k - Manifold Assault      Tloc           78%        N/A       1%          4

Your spell library contained the following spells:

 Spells                   Type           Power      Damage    Failure   Level
 Magic Dart               Conj           100%       1d8       0%          1
 Momentum Strike          Conj/Tloc      100%       3d10      0%          2
 Searing Ray              Conj           100%       2d8       0%          2
 Freeze                   Ice            100%       1d10      1%          1
 Kiss of Death            Conj/Necr      100%       2d13      1%          1
 Necrotise                Necr           100%       1d9       1%          1
 Slow                     Hex            100%       N/A       1%          1
 Sting                    Conj/Alch      100%       1d9       1%          1
 Call Imp                 Summ           52%        N/A       1%          2
 Ensorcelled Hibernation  Hex/Ice        100%       N/A       1%          2
 Jinxbite                 Hex            100%       N/A       1%          2
 Lesser Beckoning         Tloc           100%       N/A       1%          2
 Scorch                   Fire           100%       2d9       1%          2
 Static Discharge         Conj/Air       100%       3-8/arc   1%          2
 Confusing Touch          Hex            65%        N/A       1%          3
 Dazzling Flash           Conj/Hex       100%       N/A       1%          3
 Gell's Gravitas          Tloc           78%        N/A       1%          3
 Hailstorm                Conj/Ice       100%       3d16      1%          3
 Mephitic Cloud           Conj/Alch/Air  61%        N/A       1%          3
 Teleport Other           Tloc           78%        N/A       1%          3
 Tukima's Dance           Hex            65%        N/A       1%          3
 Volatile Blastmotes      Fire/Tloc      100%       2d18      1%          3
 Brom's Barrelling Bould  Conj/Erth      67%        2d8       1%          4
 Cause Fear               Hex            32%        N/A       1%          4
 Dimensional Bullseye     Hex/Tloc       36%        N/A       1%          4
 Flame Wave               Conj/Fire      82%        2d18      1%          4
 Fulminant Prism          Conj/Alch      36%        3d18      1%          4
 Ignite Poison            Fire/Alch      61%        N/A       1%          4
 Passage of Golubria      Tloc           78%        N/A       1%          4
 Fireball                 Conj/Fire      41%        3d17      1%          5
 Irradiate                Conj/Alch      36%        3d23      1%          5
 Iskenderun's Battlesphe  Conj           92%        2d14      1%          5
 Metabolic Englaciation   Hex/Ice        44%        N/A       1%          5
 Dispersal                Tloc           39%        N/A       1%          6
 Passwall                 Erth           26%        N/A       3%          3
 Swiftness                Air            26%        N/A       3%          3
 Summon Forest            Summ/Tloc      29%        N/A       3%          5
 Yara's Violent Unravell  Hex/Alch       28%        3d12      3%          5
 Animate Dead             Necr           57%        N/A       4%          4
 Petrify                  Alch/Erth      37%        N/A       6%          4
 Silence                  Hex/Air        25%        N/A       7%          5
 Summon Mana Viper        Hex/Summ       50%        N/A       7%          5
 Bombard                  Conj/Erth      33%        9d6       7%          6
 Conjure Ball Lightning   Conj/Air       33%        3x3d11    7%          6
 Alistair's Intoxication  Alch           31%        N/A       9%          5
 Summon Lightning Spire   Summ/Air       26%        N/A       12%         4
 Sculpt Simulacrum        Ice/Alch       39%        N/A       13%         6
 Borgnjor's Vile Clutch   Necr/Erth      25%        N/A       21%         5
 Plasma Beam              Fire/Air       27%        2x1d39    26%         6
 Enfeeble                 Hex            32%        N/A       41%         7
 Death Channel            Necr           28%        N/A       52%         6
 Disjunction              Tloc           39%        N/A       54%         8
 Infestation              Necr           28%        N/A       100%        8
 Death's Door             Necr           28%        N/A       100%        9
 Shatter                  Erth           13%        3d13*     100%        9


Dungeon Overview and Level Annotations

Branches:
Dungeon (15/15)            Temple (0/1) D:6            Lair (5/5) D:10
 Shoals (4/4) Lair:2       Spider (1/4) Lair:3        Slime (0/5) Lair:4
    Orc (2/2) D:9             Elf (3/3) Orc:2        Vaults (0/5) D:13
 Depths (1/4) D:15          IceCv (visited)         Gauntlet (visited)

Altars:
Dithmenos
Fedhas
Gozag
Ru
Sif Muna
Trog
Vehumet
Wu Jian
Xom

Shops:
D:1 (   D:6 [(([(   D:8 ([   Orc:2 (!(=   Shoals:1 *   Shoals:2 *   Shoals:3 =[

Portals:
Hell: Depths:1

Annotations:
D:14 3 runed translucent doors, exclusion: downstairs, Jogov's ghost, journeyman DgHW
Shoals:2 3 runed translucent doors, exclusions: downstairs and obsidian statue, Ohon's ghost, adept DsFi
Elf:2 3 runed translucent doors
Depths:1 Margery


Innate Abilities, Weirdness & Mutations

You have a pair of large antennae on your head. (SInv)
A powerful demonic guardian rushes to your aid.
You regenerate a lot of health from kills.
You are mostly covered in razor-sharp scales. (AC +2, Slay +2)
You are partially covered in large bone plates. (SH +4)
You have hidden genetic potential.


Message History

Confirm with . or Enter, or press ? or * to list all spells.
You feel a surge of power! A film of ice covers your body!
Margery's soul is no longer bound.
Your Executioner gestures.
Your Executioner seems to speed up.
You block Margery's attack.
The hell knight is engulfed in poison gas.
The hell knight looks as sick as possible!
The hell knight completely misses you.
The deep elf death mage is engulfed in poison gas.
The deep elf death mage looks as sick as possible!
Your Executioner barely misses the deep elf death mage.
Your Executioner hits the deep elf death mage.
Your Executioner barely misses the deep elf death mage.
Your surroundings suddenly seem different.
Your icy armour cracks and falls away as you move.
A sphinx, a swamp worm, a fire dragon, 3 giants and a tengu conjurer come into view.
Found a potion of haste and a warped short sword.
The ettin shouts in stereo!
The fire dragon roars deafeningly!
The stone giant shouts!
You hear a shout!
The swamp worm changes into a wyvern!
A hell knight comes into view. It is wielding a +5 glaive of flaming.
Unknown command.
Casting: Ozocubu's Armour (safe; 1% risk of failure)
Confirm with . or Enter, or press ? or * to list all spells.
You feel a surge of power! A film of ice covers your body!
You block the ettin's attack. The ettin misses you.
The fire dragon breathes flames at you. The blast of flame hits you!!!
Your icy armour melts away.
* * * LOW HITPOINT WARNING * * *
The stone giant throws a large rock.
You block the large rock with your +3 buckler of reflection... and reflect it back!
The large rock hits the stone giant!!
You block the wyvern's attack.
A sphinx comes into view.
The tengu conjurer closely misses you. You block the tengu conjurer's attack.
The tengu conjurer misses you. The hell knight completely misses you.
The ettin hits you with a +0 dire flail!
You die...

........## .........### ###
.........#.####.#######
..........{p.#....#...#######
.........*.{{.{.............#
.........*{###.........###..#
.........Y.#)####...#### #..#
...........##..C#####...##..#
........##..#..Q@C..H...#...#
......{ #..#..#.k!..#..#...#
....... #..## C##p##..##...#
..Y. .... D. .# #....# #.. #
#...## #.. #....# #.. ##)...#
H.# {#....# { #[....


You could see a fire dragon (catching breath), 2 sphinxes, a stone giant, 2
ettins, a hell knight, a tengu conjurer and a wyvern shaped shifter.

Vanquished Creatures
  Bai Suzhen (Depths:1)
  Jorgrun (Orc:2)
  Rupert (D:15)
  2 deep elf master archers (Elf:3)
  4 deep elf blademasters
  A titan (Shoals:4)
  Donald (Elf:3)
  The ghost of brae the Bludgeoner, an adept HuBe of Trog (D:15)
  Agnes (Elf:1)
  Aizul (Elf:3)
  Ilsuiw (Shoals:3)
  5 deep elf elementalists
  9 deep elf sorcerers
  3 frost giants
  Louise (Shoals:3)
  A caustic shrike zombie (Depths:1)
  3 very ugly things (Depths:1)
  2 stone giants (Depths:1)
  3 deep elf death magi
  9 deep elf annihilators (Elf:3)
  7 deep elf demonologists (Elf:3)
  A white draconian (IceCv)
  A minotaur (Gauntlet)
  A dire elephant (D:15)
  7 merfolk impalers
  5 merfolk javelineers
  6 hydras
  4 deep elf high priests (Elf:3)
  4 ice dragons (IceCv)
  8 ironbound frosthearts (IceCv)
  4 ogre magi
  2 catoblepae
  14 dancing weapons
  A deep troll shaman (Depths:1)
  3 boulder beetles
  15 death yaks
  A merfolk avatar (Shoals:1)
  3 merfolk aquamancers
  2 satyrs
  12 two-headed ogres
  A deep troll earth mage (Depths:1)
  4 orc high priests
  A titan zombie (Depths:1)
  Sonja (D:10)
  2 demonic crawlers
  A tengu warrior (D:13)
  7 deep elf knights
  2 iron trolls (Depths:1)
  A pharaoh ant (Spider:1)
  A fire crab (Gauntlet)
  4 large abominations (Elf:1)
  6 skysharks
  A deep troll (Depths:1)
  A flayed ghost (D:15)
  7 sea snakes
  Pikel (D:7)
  An orb spider (Spider:1)
  23 harpies
  An arcanist (D:13)
  A phantasmal warrior (D:15)
  7 deep elf archers
  20 deep elf pyromancers
  20 deep elf zephyrmancers
  6 orc knights
  4 necromancers
  A salamander (D:15)
  2 wolf spiders
  6 ugly things
  A shadow dragon skeleton (Depths:1)
  3 orc sorcerers
  7 manticores
  15 fauns
  3 cyclopes
  12 elephants
  A meliai (Lair:3)
  11 merfolk sirens
  4 black mambas
  5 water nymphs
  9 cane toads
  A gargoyle (D:12)
  An orange demon (Orc:2)
  2 unseen horrors
  2 unseen horrors (shapeshifter)
  A spriggan zombie (Depths:1)
  5 komodo dragons
  A rime drake (shapeshifter) (Elf:3)
  11 rime drakes
  An efreet (D:15)
  6 trolls
  23 merfolk
  A queen bee (Gauntlet)
  9 polar bears (IceCv)
  A wolf spider simulacrum (D:14)
  8 tarantellas (Spider:1)
  5 wind drakes (Shoals:4)
  15 blink frogs
  A raiju (Orc:2)
  13 dream sheep
  2 hornets
  7 snapping turtles
  17 slime creatures
  2 jumping spiders (Spider:1)
  Sigmund (D:5)
  2 culicivoras (Spider:1)
  10 air elementals
  17 water elementals
  4 vampires
  34 yaks
  6 fire bats
  2 wraiths
  Eustachio (D:6)
  10 wyverns
  5 wargs (Orc:1)
  3 fire elementals
  A basilisk (Lair:3)
  3 redbacks (Spider:1)
  A steam dragon (D:8)
  3 vampire mosquitoes (D:10)
  Menkaure (D:5)
  3 acid dragons
  18 water moccasins
  3 hell hounds
  Duvessa (D:6)
  2 ice beasts
  29 orc warriors
  2 sky beasts
  3 black bears
  11 ogres
  5 boggarts (D:13)
  17 wolves
  13 centaurs
  3 lemures (D:7)
  Blork the orc (D:5)
  13 bullfrogs
  3 kobold brigands
  3 earth elementals
  2 scorpions
  9 wights
  Dowan (D:6)
  18 killer bees
  2 electric eels (D:10)
  4 howler monkeys
  A bombardier beetle (D:4)
  18 orc priests
  7 hounds
  A jelly (D:6)
  5 iguanas
  24 orc wizards
  7 gnolls
  6 adders
  2 white imps
  6 ufetubi
  2 ribbon worms
  2 dart slugs
  77 orcs
  9 ball pythons
  5 bats
  10 endoplasms
  6 giant cockroaches
  6 goblins
  8 hobgoblins
  4 jackals (D:3)
  4 quokkas
  2 frilled lizards (D:2)
  18 kobolds
  7 rats
998 creatures vanquished.

Vanquished Creatures (collateral kills)
  A frost giant (IceCv)
  A deep elf elementalist (Elf:3)
  2 deep elf death magi (Elf:3)
  A deep elf demonologist (Elf:3)
  3 merfolk impalers
  A merfolk javelineer (Shoals:4)
  A merfolk avatar (Shoals:3)
  A catoblepas (Shoals:3)
  2 boulder beetles
  A death yak (Lair:4)
  An alligator snapping turtle (Shoals:1)
  A dancing weapon (Elf:1)
  A tengu warrior (Depths:1)
  3 sea snakes
  An orange crystal statue (IceCv)
  A deep troll (Depths:1)
  An orc knight (Orc:1)
  A harpy (Shoals:1)
  A phantasmal warrior (D:15)
  9 fauns
  2 ugly things (IceCv)
  A deep elf pyromancer (Elf:2)
  A deep elf zephyrmancer (Elf:2)
  A manticore (Shoals:3)
  An orc sorcerer (Elf:1)
  2 water nymphs (Shoals:4)
  2 merfolk sirens (Shoals:1)
  2 elephants (Lair:5)
  3 wind drakes (Shoals:4)
  3 merfolk
  A blink frog (Lair:2)
  An air elemental (Elf:2)
  A wraith (D:9)
  A wyvern (Lair:5)
  3 water elementals
  A yak (Lair:4)
  An ice beast (D:5)
  An ogre (Orc:1)
  A phantom (D:5)
  2 elf zombies (Elf:1)
  A scorpion (D:5)
  2 wights
  A gnoll (D:5)
  A ribbon worm (D:4)
  An orc (Orc:2)
71 creatures vanquished.

Vanquished Creatures (others)
  A merfolk aquamancer (Shoals:4)
  A deep elf pyromancer (Elf:3)
  A troll (shapeshifter) (D:14)
3 creatures vanquished.

Grand Total: 1072 creatures vanquished

Notes
Turn   | Place    | Note
-------+----------+-------------------------------------------
     0 | D:1      | 112233 the Demonspawn Wanderer began the quest for the Orb.
     0 | D:1      | 112233 set off with the following items: a +1 falchion, a
                  | scroll of blinking, a +0 robe; and the following spell
                  | memorised: Freeze; and the following spells available to
                  | memorise: Ensorcelled Hibernation, Ozocubu's Armour.
     0 | D:1      | Reached XP level 1. HP: 18/18 MP: 3/3
   212 | D:1      | Found Gelocic's Weapon Emporium.
   223 | D:1      | Gained mutation: You have a pair of small antennae on your
                  | head. [demonic ancestry]
   223 | D:1      | Reached XP level 2. HP: 17/23 MP: 5/5
   389 | D:1      | You fall into a shaft and drop 1 floor!
   453 | D:2      | Reached skill level 1 in Dodging
   618 | D:2      | Gained mutation: A weak demonic guardian rushes to your
                  | aid. [demonic ancestry]
   618 | D:2      | Reached XP level 3. HP: 27/29 MP: 6/6
   913 | D:2      | Identified the +3 dagger of Distant Worlds {drain, Int+5
                  | Dex+5}
  1865 | D:3      | Gained mutation: You have a pair of antennae on your head.
                  | [demonic ancestry]
  1865 | D:3      | Reached XP level 4. HP: 37/37 MP: 8/8
  1912 | D:3      | Found a faded altar of an unknown god.
  2207 | D:3      | Learned a level 3 spell: Hailstorm
  2211 | D:3      | Learned a level 3 spell: Frozen Ramparts
  2618 | D:4      | Gained mutation: You have a pair of large antennae on your
                  | head. (SInv) [demonic ancestry]
  2618 | D:4      | Reached XP level 5. HP: 42/42 MP: 9/9
  2963 | D:4      | Reached XP level 6. HP: 48/49 MP: 11/11
  3476 | D:4      | Found a radiant altar of Vehumet.
  3636 | D:5      | Entered Level 5 of the Dungeon
  3704 | D:5      | Identified the +1 ring mail of Greed {Str+2 Int+3}
  3708 | D:5      | Noticed Sigmund
  3713 | D:5      | Noticed Menkaure
  3721 | D:5      | Killed Sigmund
  3722 | D:5      | Reached skill level 5 in Fighting
  3722 | D:5      | Reached XP level 7. HP: 41/56 MP: 13/13
  3726 | D:5      | Killed Menkaure
  4161 | D:5      | Noticed a wyvern
  4168 | D:5      | Killed a wyvern
  4169 | D:5      | Reached skill level 1 in Shields
  4178 | D:5      | Reached XP level 8. HP: 43/63 MP: 9/15
  4557 | D:5      | Noticed Blork the orc
  4571 | D:5      | Killed Blork the orc
  4800 | D:5      | Found a shimmering blue altar of Sif Muna.
  4812 | D:5      | Became a worshipper of Sif Muna the Loreminder
  4913 | D:5      | Found a bloodstained altar of Trog.
  5176 | D:6      | Found Rinapi's Weapon Shop.
  5183 | D:6      | Reached skill level 5 in Spellcasting
  5457 | D:6      | Found Xaigi's Armour Emporium.
  5460 | D:6      | Bought a +2 buckler of reflection for 240 gold pieces
  5684 | D:6      | Noticed Dowan
  5686 | D:6      | Noticed Duvessa
  5693 | D:6      | Killed Duvessa
  5694 | D:6      | Killed Dowan
  5735 | D:6      | Noticed Eustachio
  5769 | D:6      | Killed Eustachio
  5935 | D:6      | Reached skill level 5 in Dodging
  5935 | D:6      | Reached XP level 9. HP: 71/71 MP: 16/17
  6034 | D:6      | Found a staircase to the Ecumenical Temple.
  6130 | D:6      | Found Gaucs's Weapon Shoppe.
  6144 | D:6      | Reached skill level 5 in Ice Magic
  6224 | D:6      | Found Wucemer's Armour Boutique.
  6466 | D:6      | Found Ykox Ihuy's Antique Weapon Boutique.
  6782 | D:7      | Reached * piety under Sif Muna
  7337 | D:7      | Found a flagged portal.
  7448 | D:7      | Noticed Pikel
  7467 | D:7      | Killed Pikel
  8229 | D:8      | Gained mutation: You regenerate a little health from kills.
                  | [demonic ancestry]
  8229 | D:8      | Reached XP level 10. HP: 78/79 MP: 19/19
  8388 | D:8      | Reached skill level 1 in Conjurations
  8402 | D:8      | Learned a level 3 spell: Ozocubu's Armour
  8816 | D:8      | Found Vithruat's Firing Range.
  8859 | D:8      | Found Ymathoipt's Antique Armour Shop.
  9297 | D:9      | Reached ** piety under Sif Muna
  9303 | D:9      | Reached skill level 5 in Shields
  9303 | D:9      | Reached skill level 1 in Translocations
  9460 | D:9      | Found a staircase to the Orcish Mines.
  9492 | D:9      | Reached skill level 1 in Alchemy
  9890 | Orc:1    | Entered Level 1 of the Orcish Mines
  9895 | Orc:1    | Noticed an orc knight
 10188 | D:9      | Reached skill level 1 in Fire Magic
 10724 | D:10     | Entered Level 10 of the Dungeon
 10742 | D:10     | Identified the +4 dagger of Somewhere Else {spect, ^Contam
                  | Fly rC+ Dex+4}
 10920 | D:10     | Found a staircase to the Lair.
 10983 | D:10     | Found an ornate altar of the Wu Jian Council.
 10983 | D:10     | Noticed Sonja
 10989 | D:10     | Killed Sonja
 11001 | D:10     | Reached XP level 11. HP: 86/86 MP: 17/21
 11687 | D:10     | Found a blossoming altar of Fedhas.
 12405 | D:10     | Reached *** piety under Sif Muna
 12849 | D:11     | Found the +3 giant club "Skullcrusher" {speed, Str+7}
 13480 | D:11     | Identified a scroll of acquirement
 13493 | D:11     | Acquired 955 gold pieces
 13602 | D:8      | Bought a manual of Ranged Weapons for 960 gold pieces
 13661 | Lair:1   | Entered Level 1 of the Lair of Beasts
 13661 | Lair:1   | Noticed a boulder beetle
 13672 | Lair:1   | Killed a boulder beetle
 15421 | Lair:2   | Reached skill level 5 in Conjurations
 15421 | Lair:2   | Gained mutation: You are partially covered in razor-sharp
                  | scales. (AC +1, Slay +1) [demonic ancestry]
 15421 | Lair:2   | Reached XP level 12. HP: 95/95 MP: 11/24
 15713 | Lair:2   | Reached **** piety under Sif Muna
 16017 | Lair:2   | Noticed a death yak
 16020 | Lair:2   | Noticed a death yak
 16023 | Lair:2   | Noticed a death yak
 16026 | Lair:2   | Noticed a death yak
 16026 | Lair:2   | Noticed a death yak
 16719 | Lair:2   | Found a staircase to the Shoals.
 16979 | Lair:1   | Killed a death yak
 17236 | Lair:1   | Killed a death yak
 17290 | Lair:1   | Killed a death yak
 17291 | Lair:1   | Killed a death yak
 17292 | Lair:1   | Reached skill level 10 in Spellcasting
 17478 | Lair:1   | Reached skill level 10 in Fighting
 17483 | Lair:1   | Killed a death yak
 17876 | Lair:3   | Reached skill level 1 in Hexes
 17917 | Lair:3   | Found a hole to the Spider Nest.
 18123 | Lair:3   | Identified the +3 leather armour "Xyrchapt" {Int+3}
 18254 | Lair:3   | Reached skill level 1 in Ranged Weapons
 18316 | Lair:3   | Reached skill level 5 in Translocations
 18316 | Lair:3   | Gained mutation: You regenerate health from kills. [demonic
                  | ancestry]
 18316 | Lair:3   | Reached XP level 13. HP: 101/103 MP: 12/27
 18685 | Lair:3   | Reached skill level 5 in Fire Magic
 19951 | Lair:4   | Found a staircase to the Slime Pits.
 20266 | Lair:4   | Reached ***** piety under Sif Muna
 20462 | Lair:4   | Reached skill level 5 in Hexes
 20656 | Lair:5   | Entered Level 5 of the Lair of Beasts
 21083 | D:12     | Found a gate leading to a gauntlet.
 21116 | Gauntlet | Entered a Gauntlet
 21116 | Gauntlet | Found a transporter.
 21125 | Gauntlet | Found a transporter.
 21140 | Gauntlet | Found a transporter.
 21145 | Gauntlet | Found a transporter.
 21166 | Gauntlet | Found a transporter.
 21179 | Gauntlet | Found a transporter.
 21191 | Gauntlet | Found a transporter.
 21203 | Gauntlet | Found a transporter.
 21215 | Gauntlet | Found a transporter.
 21221 | Gauntlet | Found a transporter.
 21236 | Gauntlet | Found a transporter.
 21242 | Gauntlet | Found a transporter.
 21279 | Gauntlet | Found a transporter.
 21281 | Gauntlet | Found a transporter.
 21281 | Gauntlet | Found the ring of the Octopus King
 21313 | Gauntlet | Found a transporter.
 21315 | Gauntlet | Found a transporter.
 21347 | Gauntlet | Found a transporter.
 21459 | Gauntlet | Identified a ring of the Octopus King {Fly HP+2 AC+2 EV+2
                  | SH+2}
 21571 | Gauntlet | Received a gift from Sif Muna
 21576 | Gauntlet | Got Sif Muna's Precepts of Prime Venom {god gift}
 21649 | Gauntlet | Learned a level 1 spell: Apportation
 21654 | Gauntlet | Learned a level 4 spell: Iskenderun's Mystic Blast
 21662 | Gauntlet | Identified the ring "Jainnoi" {^Contam rElec rF+ Slay+5}
 21704 | Gauntlet | Noticed a minotaur
 21720 | Gauntlet | Killed a minotaur
 21828 | Gauntlet | Identified the +4 halberd "Ogreslayer" {flame, Dex+3}
 22149 | D:12     | Gained mutation: A demonic guardian rushes to your aid.
                  | [demonic ancestry]
 22149 | D:12     | Reached XP level 14. HP: 106/111 MP: 3/28
 23139 | D:13     | Found a gate to the Vaults.
 23862 | D:13     | Found a sacrificial altar of Ru.
 23937 | D:14     | Found the +3 hat of Pondering {ponderous, Will+ MP+10
                  | Int+5}
 24554 | D:14     | Found a runed translucent gate.
 24554 | D:14     | Found a runed translucent gate.
 24554 | D:14     | Found a runed translucent gate.
 24577 | D:14     | Acquired the staff "Byahit Puodu" {rC+ Dex+2 Necro Ice}
 24782 | D:14     | Noticed Jogov's ghost (journeyman DgHW)
 25192 | D:15     | Entered Level 15 of the Dungeon
 25301 | D:15     | Identified the +4 quarterstaff "Killer Bee's Death" {pain,
                  | rElec rC+ Dex+2}
 25513 | D:15     | Noticed Nessos
 25516 | D:15     | Nessos changed into Nessos the ice beast
 25516 | D:15     | Noticed Nessos
 25563 | D:15     | Killed Nessos the ice beast
 25610 | D:15     | Found a runed translucent gate.
 25610 | D:15     | Found a runed translucent gate.
 25611 | D:15     | Found a runed translucent gate.
 25635 | D:15     | Reached skill level 10 in Dodging
 25875 | D:15     | Received a gift from Sif Muna
 26097 | D:15     | Found a staircase to the Depths.
 26442 | D:15     | Noticed Rupert
 26449 | D:15     | Paralysed by Rupert for 5 turns
 26555 | D:14     | Learned a level 2 spell: Blink
 26758 | D:15     | Noticed brae's ghost (adept HuBe)
 26832 | D:15     | Found a shadowy altar of Dithmenos.
 27768 | Lair:5   | Gained mutation: You are mostly covered in razor-sharp
                  | scales. (AC +2, Slay +2) [demonic ancestry]
 27768 | Lair:5   | Reached XP level 15. HP: 120/120 MP: 2/30
 28371 | Lair:4   | Learned a level 4 spell: Manifold Assault
 28889 | Orc:1    | Reached skill level 1 in Staves
 29262 | Orc:1    | Found a bloodstained altar of Trog.
 29534 | Orc:2    | Entered Level 2 of the Orcish Mines
 29557 | Orc:2    | Received a gift from Sif Muna
 29689 | Orc:2    | Found a staircase to the Elven Halls.
 30096 | Orc:2    | Noticed Jorgrun
 30114 | Orc:2    | Killed Jorgrun
 30115 | Orc:2    | Reached skill level 1 in Evocations
 30364 | Orc:2    | Found a shimmering altar of Xom.
 31115 | Orc:2    | Found Qonkul's Antique Weapon Emporium.
 31115 | Orc:2    | Found Socvutz's Jewellery Shop.
 31117 | Orc:2    | Found Repsel's Antique Weapon Emporium.
 31117 | Orc:2    | Found Ciuqiesk's Distillery.
 31132 | Orc:2    | Bought a potion of curing for 36 gold pieces
 31132 | Orc:2    | Bought a potion of cancellation for 96 gold pieces
 31132 | Orc:2    | Bought a potion of curing for 36 gold pieces
 31132 | Orc:2    | Bought a potion of curing for 36 gold pieces
 31132 | Orc:2    | Bought a potion of might for 48 gold pieces
 31132 | Orc:2    | Bought a potion of mutation for 96 gold pieces
 31136 | Orc:2    | Bought the amulet "Vaenan" {Reflect Dex+4 SH+5 Stlth+} for
                  | 578 gold pieces
 31429 | Elf:1    | Entered Level 1 of the Elven Halls
 31639 | Elf:1    | You are sucked into a shaft and drop 1 floor!
 31663 | Elf:2    | Gained mutation: You regenerate a lot of health from kills.
                  | [demonic ancestry]
 31663 | Elf:2    | Reached XP level 16. HP: 112/127 MP: 0/32
 31805 | Elf:2    | Reached skill level 5 in Staves
 31805 | Elf:2    | Reached skill level 5 in Evocations
 31805 | Elf:2    | Reached XP level 17. HP: 134/134 MP: 33/33
 32128 | Elf:2    | Learned a level 3 spell: Fugue of the Fallen
 32229 | Elf:2    | Paralysed by an air elemental for 1 turns
 32231 | Elf:2    | Paralysed by an air elemental for 1 turns
 32569 | Elf:2    | Reached skill level 1 in Necromancy
 33409 | Elf:2    | Found a runed translucent gate.
 33410 | Elf:2    | Found a runed translucent gate.
 33410 | Elf:2    | Found a runed translucent gate.
 33591 | Elf:1    | Reached XP level 18. HP: 62/141 MP: 2/34
 33974 | Elf:1    | Noticed Agnes
 33985 | Elf:1    | Received a gift from Sif Muna
 33987 | Elf:1    | Killed Agnes
 34025 | Elf:1    | Got Sif Muna's Teachings on Malevolent Rites and the Summer
                  | {god gift}
 34592 | Elf:1    | Reached skill level 10 in Conjurations
 34665 | Elf:1    | Reached skill level 10 in Translocations
 34751 | Elf:1    | Got Puudih's Omnibus of Cadavers
 35264 | Elf:3    | Entered Level 3 of the Elven Halls
 35264 | Elf:3    | Found a glacial archway.
 35299 | IceCv    | Entered an ice cave
 35367 | IceCv    | Learned a level 5 spell: Fireball
 35724 | IceCv    | Learned a level 6 spell: Starburst
 36147 | IceCv    | Gained mutation: A powerful demonic guardian rushes to your
                  | aid. [demonic ancestry]
 36147 | IceCv    | Reached XP level 19. HP: 149/149 MP: 34/36
 38176 | Elf:3    | Identified the serpent talisman of Tiytte {rN+ Int+5}
 38176 | Elf:3    | Noticed Aizul
 38193 | Elf:3    | Killed Aizul
 38578 | Spider:1 | Entered Level 1 of the Spider Nest
 38996 | Shoals:1 | Entered Level 1 of the Shoals
 39320 | Shoals:2 | Found a runed translucent gate.
 39320 | Shoals:2 | Found a runed translucent gate.
 39320 | Shoals:2 | Found a runed translucent gate.
 39321 | Shoals:2 | Found an opulent altar of Gozag.
 39322 | Shoals:2 | Found Sizaomup's Assorted Antiques.
 39323 | Shoals:2 | Noticed Ohon's ghost (adept DsFi)
 39361 | Shoals:2 | Received a gift from Sif Muna
 39406 | Shoals:2 | Learned a level 7 spell: Orb of Destruction
 41318 | Shoals:1 | Gained mutation: You are agile. (Dex +4, Str/Int -1)
                  | [mutagenic glow]
 41322 | Shoals:1 | Reached skill level 5 in Invocations
 41520 | Shoals:1 | Found Caxuw's Overcharged Wands.
 41921 | Shoals:2 | Received a gift from Sif Muna
 41976 | Shoals:2 | Got Sif Muna's Notes on Charms and Esoterica {god gift}
 42418 | Shoals:2 | Gained mutation: You are frail. (-10% HP) [mutagenic glow]
 43642 | Shoals:3 | Found Qeumysof's Armour Boutique.
 43649 | Shoals:3 | Reached XP level 20. HP: 141/141 MP: 30/38
 44123 | Shoals:3 | Noticed Louise
 44144 | Shoals:3 | Killed Louise
 44509 | Shoals:3 | Found Hiaceixt's Jewellery Boutique.
 44513 | Shoals:3 | Bought the amulet "Geigum" {RegenMP rElec rN+ Str-2 Dex+2}
                  | for 626 gold pieces
 44515 | Shoals:3 | Noticed Ilsuiw
 44531 | Shoals:3 | Killed Ilsuiw
 45128 | Shoals:4 | Entered Level 4 of the Shoals
 45663 | Shoals:4 | Paralysed by an air elemental for 1 turns
 45665 | Shoals:4 | Paralysed by an air elemental for 1 turns
 46171 | Shoals:4 | Paralysed by an air elemental for 1 turns
 46175 | Shoals:4 | Paralysed by an air elemental for 1 turns
 46179 | Shoals:4 | Paralysed by an air elemental for 1 turns
 46181 | Shoals:4 | Paralysed by an air elemental for 1 turns
 46185 | Shoals:4 | Paralysed by an air elemental for 1 turns
 47117 | Shoals:4 | Received a gift from Sif Muna
 47189 | Shoals:4 | Got Sif Muna's Omnibus of Amorphous Concussion {god gift}
 47826 | Shoals:4 | Lost mutation: You are agile. (Dex +4, Str/Int -1) [potion
                  | of mutation]
 47826 | Shoals:4 | Lost mutation: You are frail. (-10% HP) [potion of
                  | mutation]
 47826 | Shoals:4 | Gained mutation: You have hidden genetic potential. [potion
                  | of mutation]
 47826 | Shoals:4 | Gained mutation: You are partially covered in large bone
                  | plates. (SH +4) [potion of mutation]
 48788 | Shoals:4 | Reached skill level 15 in Spellcasting
 48861 | Shoals:4 | Got a barnacled rune of Zot
 48943 | Shoals:4 | Got the Anthology of the Unfortunate Mountains
 48946 | Shoals:4 | Got Sif Muna's Improving Your Wizardry
 50396 | D:15     | Paralysed by Rupert for 4 turns
 50397 | D:15     | Killed Rupert
 50591 | D:15     | Killed brae's ghost
 50804 | Depths:1 | Entered Level 1 of the Depths
 50804 | Depths:1 | Noticed Bai Suzhen
 53153 | Elf:2    | Learned a level 5 spell: Freezing Cloud
 53287 | Elf:3    | Noticed Donald
 53301 | Elf:3    | Killed Donald
 54118 | Elf:3    | Identified the +2 robe of Elitism {rC+ Str+2}
 54150 | Elf:3    | Identified the ring "Joitiats" {Ice ^Drain Will+ Str+4
                  | Int-5}
 54172 | Elf:3    | Identified the ring "Tado" {Str+6 Int+4}
 54178 | Elf:3    | Identified the +1 broad axe of Devotion {heavy, *Noise
                  | rPois rF+++ SInv}
 54508 | Elf:3    | Received a gift from Sif Muna
 54509 | Elf:3    | Got Sif Muna's Information on Malediction {god gift}
 54844 | Elf:3    | Reached skill level 15 in Conjurations
 55468 | Elf:3    | Reached XP level 21. HP: 154/163 MP: 33/41
 55502 | Elf:3    | Identified the amulet "Zuxut" {Spirit rC- Str+2 Int+3
                  | Slay+3}
 56339 | Elf:3    | Identified the staff of the Candelabrum {rF+ Conj}
 56349 | Elf:3    | Identified the +4 ring mail of Servitude {Harm Str+2
                  | Slay+3}
 56376 | Elf:3    | Identified the dragon-blood talisman of Ethi {rElec rCorr
                  | Int-4 Dex+2}
 56417 | Elf:3    | Got the Octavo of Vapour and Bewitchment
 57485 | Depths:1 | Killed Bai Suzhen
 58752 | Depths:1 | Acquired 828 gold pieces
 58755 | Depths:1 | Found a gateway to Hell.
 58823 | Depths:1 | Noticed Margery
 58837 | Depths:1 | Slain by an ettin

Illustrated notes

Levels and vault maps discovered:
D:1:      wander_arrival_lonely_grave, layout_basic, serial_shops,
          nicolae_shop_tiny_statue_garden, nicolae_houndstooth_variations
D:2:      layout_loops_cross
D:3:      layout_basic, chequers_ecumenical_altar_simple,
          minmay_fractal_squares_diagonal_5
D:4:      layout_loops_cross, mainiacjoe_overflow_swirl, minmay_manual_moon
D:5:      layout_gridville, kennysheep_mini, tgw_sif, uniq_blork_the_orc,
          uniq_sigmund, uniq_menkaure
D:6:      layout_loops_corners, minmay_temple_entry_drinking_statues,
          serial_shops, shop, nicolae_stop_n_shop_2, kennysheep_mini_moat, shop,
          nicolae_diamond_shop, minmay_stone_trees_medium, minmay_statues_item,
          minmay_manual_mares, uniq_eustachio, uniq_duvessa
D:7:      layout_cave_pools, enter_bailey_2, uniq_pikel
D:8:      nicolae_cairo_tiling_very_big, layout_gridville, serial_shops,
          nicolae_shop_statue_plus, nicolae_shop_firing_range
D:9:      layout_gridville, david_orc_3
D:10:     layout_layer_cave, mainiacjoe_overflow_boulevard,
          nicolae_wu_jian_wuxing_cycle, erik_lair_island,
          hangedman_abyss_or_decor_stagger, uniq_sonja
D:11:     layout_loops_ring
D:12:     layout_rooms, gauntlet_entry_generic
D:13:     layout_roguey [special_room_orc], david_vaults_1, st_stairs_11,
          nicolae_ru_the_path_less_chosen
D:14:     layout_cave_pods, gammafunk_ghost_icy, serial_column_ruins,
          column_ruins_square_huge, column_ruins_hut, column_ruins_grid_3,
          column_ruins_open_large, column_ruins_open_tiny, column_ruins_grid_1,
          column_ruins_corridor_corner, minivault_12
D:15:     hangedman_depths_entry_try_elsewhere_first, layout_loops_ring,
          gammafunk_ghost_spectres, grunt_dithmenos_smoke, uniq_nessos,
          uniq_rupert
Lair:1:   layout_loops_ring
Lair:2:   layout_cave_pods, elwin_shoals_entry_stream, pond, grunt_megastairs_1,
          lemuel_fruit_tree
Lair:3:   layout_loops_ring, hellmonk_spider_entry_not_the_bees, serial_forest,
          infiniplex_forest_clump_diagonal, infiniplex_forest_lined_2,
          infiniplex_forest_clump_diagonal, infiniplex_forest_end_2,
          infiniplex_forest_lined_3_way
Lair:4:   layout_regular_city, slime_entry_1
Lair:5:   hangedman_lair_caniforms_friends, layout_layer_cave,
          hangedman_lair_tendril_chambers
Shoals:1: layout_shoals, nicolae_shop_overcharged_wands
Shoals:2: layout_shoals, ebering_ghost_gozag
Shoals:3: nzn_motion_control, layout_shoals, serial_shops,
          nicolae_shop_tiny_waterfront, nicolae_shop_pleasant_corner_grove,
          uniq_ilsuiw, uniq_louise
Shoals:4: shoals_end_hellmonk_storm_palace [storm_palace_center_square,
          storm_palace_corner_pillars, storm_palace_corner_blocked,
          storm_palace_corner_grid, storm_palace_corner_grid]
Spider:1: layout_chambers, drop_trap, uniq_kirke
Orc:1:    cheibrodos_orc_guarddog, layout_caves, trog_butcher_becter
Orc:2:    grunt_orc_tribal_feast, layout_caves, regret_index_xom_of_box,
          uniq_jorgrun
Elf:1:    elf_arrival_001, layout_loops_cross, minmay_elf_necromancy, uniq_agnes
Elf:2:    nicolae_elf_blades_crystal_corner, layout_onion_city
Elf:3:    nooodl_elf_gasket, layout_rooms, portal_ice_cave_entry_pillars_1,
          chequers_hall_statues_wall_a, uniq_aizul, uniq_donald
Depths:1: layout_cross, grunt_metal_band,
          serial_library_regret_index_branch_corner, hangedman_decor_riveting,
          minmay_pinched_square, grunt_megastairs_5, serial_bayou_shore_b,
          uniq_bai_suzhen

Skill      XL: |  1  2  3  4  5  6  7  8  9 10 11 12 13 14 15 16 17 18 19 20 21 |
---------------+----------------------------------------------------------------+-----
Dodging        | 1 2 3 4 5 6 7 8 9 10 11 13 | 13.5
Fighting       | 4 5 6 7 8 9 10 11 12 13 | 13.6
Spellcasting   | 3 4 5 6 7 8 10 11 12 13 14 16 | 16.3
Ice Magic      | 2 3 4 6 7 8 9 |  9.4
Shields        | 1 3 4 5 |  5.0
Conjurations   | 3 5 6 7 8 9 10 11 15 16 | 16.0
Translocations | 3 4 5 7 8 9 10 11 | 11.4
Alchemy        | 2 3 |  3.4
Fire Magic     | 2 4 6 8 9 |  9.4
Hexes          | 1 5 7 |  7.4
Ranged Weapons | 1 2 |  2.2
Armour         | 3 |  3.8
Invocations    | 4 5 |  5.3
Staves         | 4 5 6 7 8 |  8.0
Evocations     | 4 5 6 7 8 |  8.3
Necromancy     | 1 2 |  2.3
Long Blades    | |  1.0

Action                     |  1- 3 |  4- 6 |  7- 9 | 10-12 | 13-15 | 16-18 | 19-21 || total
---------------------------+-------+-------+-------+-------+-------+-------+-------++-------
  Melee: Falchion          |    75 |       |       |       |       |       |       ||    75
         Punch             |     1 |     4 |     5 |     3 |       |       |       ||    13
         Dagger            |    26 |   130 |   101 |   157 |   126 |       |       ||   540
         Staff             |       |       |       |       |   358 |   318 |   469 ||  1145
   Cast: Freeze            |       |    14 |    69 |   259 |   322 |     9 |       ||   673
         Frozen Ramparts   |       |     4 |    20 |    80 |   109 |    18 |    12 ||   243
         Hailstorm         |       |     3 |    59 |    72 |   147 |       |     1 ||   282
         Ozocubu's Armour  |       |       |       |    61 |    76 |    20 |    35 ||   192
         Iskenderun's Myst |       |       |       |       |    51 |    30 |   114 ||   195
         Manifold Assault  |       |       |       |       |       |    71 |    47 ||   118
         Fireball          |       |       |       |       |       |    11 |    15 ||    26
         Fugue of the Fall |       |       |       |       |       |     3 |     5 ||     8
         Starburst         |       |       |       |       |       |     1 |   107 ||   108
         Orb of Destructio |       |       |       |       |       |       |   282 ||   282
         Blink             |       |       |       |       |       |       |     3 ||     3
         Freezing Cloud    |       |       |       |       |       |       |     3 ||     3
 Invoke: Channel Magic     |       |       |       |       |     2 |     1 |       ||     3
  Evoke: Wand              |       |       |     3 |    20 |    26 |     9 |    30 ||    88
         Phial of floods   |       |       |       |       |     2 |     1 |     2 ||     5
         Sack of spiders   |       |       |       |       |     3 |       |     4 ||     7
         Phantom mirror    |       |       |       |       |     1 |     2 |     4 ||     7
         Tin of tremorston |       |       |       |       |       |       |     2 ||     2
         Lightning rod     |       |       |       |       |       |       |     3 ||     3
    Use: Scroll            |       |       |       |    17 |    12 |     8 |    11 ||    48
         Potion            |       |       |       |     2 |     1 |     8 |    17 ||    28
   Stab: Sleeping          |     2 |     4 |       |       |       |       |       ||     6
         Distracted        |       |     1 |       |       |     2 |       |     2 ||     5
         Paralysed         |       |       |       |     8 |       |    12 |       ||    20
         Petrified         |       |       |       |       |       |       |     5 ||     5
 Armour: Robe              |    47 |    80 |   131 |   271 |    27 |       |       ||   556
         Skin              |       |       |       |    25 |     2 |       |       ||    27
         Troll leather arm |       |       |       |       |   432 |   183 |   636 ||  1251
  Dodge: Dodged            |    66 |   117 |   116 |   338 |   565 |   161 |   543 ||  1906
  Block: Other             |       |       |     6 |    62 |       |       |       ||    68
         Reflection        |       |       |     3 |     5 |    15 |    18 |    83 ||   124
         Buckler           |       |       |       |   172 |   756 |   174 |   662 ||  1764
